[Event "Early Titled Tuesday Blitz | February 8 2022"]
[White "Matlakov, Maxim"]
[Black "Lorparizangeneh, Shahin"]
[WhiteFideId "4168003"]
[BlackFideId "12521604"]
[WhiteElo "2661"]
[BlackElo "2525"]
[Result "1-0"]
[Round "07"]
[TimeControl "180+1"]
[Date "2022.02.08"]
[WhiteClock "0:00:09"]
[BlackClock "0:00:04"]

1. Nf3 d5 2. g3 g6 3. Bg2 Bg7 4. O-O e5 5. d3 Ne7 6. e4 O-O 7. Nc3 dxe4 8. dxe4 Nbc6 9. Be3 Be6 10. Ng5 Bc4 11. Re1 Qxd1 12. Raxd1 Nd4 13. Rd2 Rad8 14. Red1 Rd6 15. b3 Ba6 16. Nd5 Nxd5 17. exd5 Ne2+ 18. Kh1 Nc3 19. Re1 b6 20. Ne4 Nxe4 21. Bxe4 f5 22. Bf3 e4 23. Be2 Bxe2 24. Rexe2 Bc3 25. Rd1 c6 26. f3 Rxd5 27. Rf1 exf3 28. Rxf3 Re8 29. Ref2 Bg7 30. Kg2 Re4 31. c4 Rd3 32. Bf4 Rxf3 33. Kxf3 h6 34. h4 Rd4 35. Re2 Rd3+ 36. Kg2 Kf7 37. Kh2 Rd7 38. Kg2 Re7 39. Rd2 c5 40. Kf3 Kf6 41. Rd6+ Kf7 42. Rc6 Rd7 43. Ke2 Bf8 44. a4 Kg7 45. Be5+ Kh7 46. Kf2 g5 47. h5 Bg7 48. Bd6 Bd4+ 49. Kf3 Kg7 50. Bb8 Bc3 51. Ke2 Rd2+ 52. Ke3 Rd7 53. Rg6+ Kh7 54. Bd6 Rf7 55. Re6 Bd4+ 56. Kf3 Kg7 57. Rg6+ Kh7 58. Re6 Bc3 59. Be7 g4+ 60. Kg2 f4 61. gxf4 Rxf4 62. Bd6 Rf7 63. Kg3 Rg7 64. Bf4 Rd7 65. Rxh6+ Kg8 66. Rg6+ Kf7 67. Kxg4 Rd4 68. Rd6 Ke7 69. Rxd4 cxd4 70. Kf3 d3 71. Kf2 Kf6 72. Be3 Kf5 73. Kf3 Bb4 74. Bh6 Bc5 75. Bd2 Bd4 76. h6 Kg6 77. Ke4 1-0


[Site "https://www.chess.com"]

[Event "Early Titled Tuesday Blitz | February 8 2022"]
[White "Maurizzi, Marc`Andria"]
[Black "Mekhitarian, Krikor Sevag"]
[WhiteFideId "36083534"]
[BlackFideId "2107660"]
[WhiteElo "2186"]
[BlackElo "2598"]
[Result "1-0"]
[Round "07"]
[TimeControl "180+1"]
[Date "2022.02.08"]
[WhiteClock "0:00:39"]
[BlackClock "0:00:01"]

1. d4 Nf6 2. c4 g6 3. Nc3 d5 4. Nf3 Bg7 5. cxd5 Nxd5 6. e4 Nxc3 7. bxc3 c5 8. Bb5+ Nd7 9. O-O O-O 10. Bg5 a6 11. Bd3 Re8 12. Rb1 Qc7 13. a4 e5 14. d5 c4 15. Be2 Bf8 16. Nd2 Nc5 17. Be3 Bd7 18. Nxc4 Nxe4 19. Qc2 Nc5 20. Nb6 Bf5 21. Nxa8 Rxa8 22. Qa2 Bxb1 23. Rxb1 Ne4 24. Qc4 Qxc4 25. Bxc4 b5 26. axb5 axb5 27. Rxb5 Ra1+ 28. Bf1 Nxc3 29. Rb2 Nxd5 30. Bd2 Kg7 31. g3 Ra7 32. Kg2 Rd7 33. Rb5 f6 34. Bc1 Be7 35. Bb2 Bd8 36. Bc4 Nb6 37. Bb3 Nc8 38. Be6 Rc7 39. Rb8 Ne7 40. Rxd8 Rb7 41. Rd7 1-0


[Site "https://www.chess.com"]

[Event "Early Titled Tuesday Blitz | February 8 2022"]
[White "Mejia, Cherry Ann"]
[Black "Dushyant Sharma"]
[WhiteFideId "5206880"]
[BlackFideId "25065130"]
[WhiteElo "2007"]
[BlackElo "2012"]
[Result "0-1"]
[Round "07"]
[TimeControl "180+1"]
[Date "2022.02.08"]
[WhiteClock "0:00:05"]
[BlackClock "0:00:34"]

1. e4 d5 2. exd5 Nf6 3. Bb5+ c6 4. Be2 cxd5 5. d4 Nc6 6. Nf3 Bg4 7. O-O e6 8. h3 Bh5 9. Be3 Bd6 10. c4 O-O 11. c5 Bc7 12. Nc3 Ne4 13. Qc2 f5 14. Rfd1 Bg6 15. Bd3 Nb4 16. Qe2 Nxd3 17. Rxd3 Qf6 18. Nb5 Bb8 19. Rb3 f4 20. Bd2 Nxd2 21. Qxd2 Be4 22. Nd6 Bxd6 23. cxd6 Rad8 24. Rxb7 Bxf3 25. gxf3 Rxd6 26. Kh2 g6 27. Rxa7 Rc6 28. Ra3 Rfc8 29. Rc3 Rc4 30. Rac1 h5 31. Rxc4 dxc4 32. d5 e5 33. d6 e4 34. fxe4 f3 35. Qd5+ Kg7 36. Qb7+ Kh6 37. Rg1 Qxd6+ 38. Rg3 Rb8 39. Qd5 Qxd5 40. exd5 Rxb2 41. Rxf3 Rxa2 42. Kg3 Rd2 43. Rc3 Rd4 44. Kf3 h4 45. Ke3 Rxd5 46. Rxc4 g5 47. Kf3 Rf5+ 48. Kg4 Rf6 49. Rc5 Rf4# 0-1


[Site "https://www.chess.com"]

[Event "Early Titled Tuesday Blitz | February 8 2022"]
[White "Minina, Veronika"]
[Black "Gombocz, Ferenc Jr."]
[WhiteFideId "4174780"]
[BlackFideId "775029"]
[WhiteElo "1850"]
[BlackElo "1913"]
[Result "1/2-1/2"]
[Round "07"]
[TimeControl "180+1"]
[Date "2022.02.08"]
[WhiteClock "0:00:42"]
[BlackClock "0:00:21"]

1. Nf3 d5 2. g3 Bg4 3. Bg2 Nd7 4. c4 e6 5. cxd5 exd5 6. Qa4 Nf6 7. Nc3 c6 8. d3 Be7 9. Bg5 O-O 10. O-O Bh5 11. Qh4 Bg6 12. Rac1 h6 13. Be3 Ne4 14. Qg4 h5 15. Qh3 Nd6 16. b4 Bf5 17. Qxh5 Nf6 18. Qg5 Nfe4 19. Qh5 Nf6 20. Qg5 Nfe4 21. Qh5 Nf6 1/2-1/2


[Site "https://www.chess.com"]

[Event "Early Titled Tuesday Blitz | February 8 2022"]
[White "Mirzanurov, Bulat"]
[Black "Omariev, Maksim"]
[WhiteFideId "4184521"]
[BlackFideId "4193423"]
[WhiteElo "2116"]
[BlackElo "2530"]
[Result "0-1"]
[Round "07"]
[TimeControl "180+1"]
[Date "2022.02.08"]
[WhiteClock "0:00:11"]
[BlackClock "0:01:29"]

1. e4 c5 2. Nf3 d6 3. d4 cxd4 4. Nxd4 Nf6 5. Nc3 a6 6. Bg5 Nbd7 7. f4 Qc7 8. Qf3 h6 9. Bh4 g5 10. fxg5 hxg5 11. Bxg5 Qc5 12. Be3 Ne5 13. Qe2 Neg4 14. Bg1 Bh6 15. h3 Bf4 16. Qf3 Qe5 17. Nce2 Bg5 18. g3 Qa5+ 19. c3 Ne5 20. Qg2 Nd3+ 21. Kd1 Nxb2+ 22. Kc2 Nc4 23. Nb3 Qa3 24. Ned4 Qb2+ 25. Kd1 Qxc3 26. Bxc4 Qxc4 27. Qf3 a5 28. h4 Bg4 29. Qxg4 Nxg4 30. hxg5 Rxh1 0-1


[Site "https://www.chess.com"]

[Event "Early Titled Tuesday Blitz | February 8 2022"]
[White "Mirzoev, Azer"]
[Black "Vlassov, Nikolai"]
[WhiteFideId "13400304"]
[BlackFideId "4103360"]
[WhiteElo "2525"]
[BlackElo "2407"]
[Result "1-0"]
[Round "07"]
[TimeControl "180+1"]
[Date "2022.02.08"]
[WhiteClock "0:00:55"]
[BlackClock "0:00:21"]

1. Nf3 c5 2. c4 g6 3. Nc3 Bg7 4. a3 Nc6 5. Rb1 Nh6 6. b4 b6 7. e3 Nf5 8. Be2 O-O 9. O-O d6 10. Qb3 h6 11. Bb2 Kh7 12. Rfd1 Be6 13. Nd5 Bxb2 14. Qxb2 f6 15. Nf4 Bf7 16. d4 cxd4 17. exd4 Qc8 18. b5 Na5 19. Rbc1 e5 20. dxe5 dxe5 21. Nd5 Bxd5 22. Rxd5 Nb7 23. h4 h5 24. Rcd1 Rd8 25. Rxd8 Nxd8 26. Bd3 Qe6 27. Bxf5 Qxf5 28. Qb4 Qe6 29. Qf8 Rc8 30. Rxd8 Rxd8 31. Qxd8 Qxc4 32. Qxf6 Qc1+ 33. Kh2 1-0


[Site "https://www.chess.com"]

[Event "Early Titled Tuesday Blitz | February 8 2022"]
[White "Miszler, Levente"]
[Black "Hamley, Ryan"]
[WhiteFideId "763276"]
[BlackFideId "30959497"]
[WhiteElo "1966"]
[BlackElo "2477"]
[Result "1/2-1/2"]
[Round "07"]
[TimeControl "180+1"]
[Date "2022.02.08"]
[WhiteClock "0:00:35"]
[BlackClock "0:00:04"]

1. Nf3 g6 2. g3 Bg7 3. Bg2 d5 4. O-O c5 5. d4 cxd4 6. Nxd4 Nc6 7. Nxc6 bxc6 8. c4 Nf6 9. Nc3 Bb7 10. cxd5 Nxd5 11. Nxd5 cxd5 12. Qa4+ Qd7 13. Qxd7+ Kxd7 14. Rd1 Ke6 15. Be3 Rhc8 16. Rd2 Kd6 17. Rad1 e6 18. Bf4+ Ke7 19. e4 e5 20. exd5 Kd6 21. Be3 a5 22. f4 f5 23. fxe5+ Bxe5 24. Bf4 Bxf4 25. gxf4 Rc4 26. Re2 Rac8 27. Re6+ Kd7 28. Rb6 Ba8 29. Ra6 Rc1 30. Rxc1 Rxc1+ 31. Kf2 Rc2+ 32. Ke3 Rxg2 33. Rxa8 Rxb2 34. Rxa5 Rxh2 35. Kd4 Re2 36. Kc5 Rc2+ 37. Kd4 Re2 38. Ra7+ Kd6 39. Ra6+ Kd7 40. Kc5 Rc2+ 41. Kd4 Re2 42. d6 h5 43. Kd5 Rd2+ 44. Ke5 Re2+ 45. Kf6 Re6+ 46. Kg5 Rxd6 47. Ra7+ Kc6 48. a4 Kb6 49. Ra8 Kb7 50. Ra5 Ra6 51. Rb5+ Ka7 52. a5 Rd6 53. Re5 Ka6 54. Rc5 Kb7 55. Re5 Ka6 56. Rc5 Kb7 57. Rb5+ Kc7 58. Rc5+ Kd7 59. Rb5 Ra6 60. Re5 Rc6 61. Rb5 Kc7 62. Re5 Kb7 63. Rb5+ Ka6 64. Re5 Rc4 65. Kxg6 Rxf4 66. Rxf5 Rxf5 67. Kxf5 h4 68. Kg4 h3 69. Kxh3 Kxa5 1/2-1/2


[Site "https://www.chess.com"]

[Event "Early Titled Tuesday Blitz | February 8 2022"]
[White "Mohammad Fahad, Rahman"]
[Black "Jain Kashish Manoj"]
[WhiteFideId "10207791"]
[BlackFideId "35081098"]
[WhiteElo "2323"]
[BlackElo "1681"]
[Result "1-0"]
[Round "07"]
[TimeControl "180+1"]
[Date "2022.02.08"]
[WhiteClock "0:00:05"]
[BlackClock "0:00:05"]

1. e4 e6 2. d4 d5 3. Nc3 Bb4 4. e5 c5 5. a3 Bxc3+ 6. bxc3 Ne7 7. h4 Qc7 8. h5 h6 9. Nf3 b6 10. a4 Ba6 11. Bb5+ Bxb5 12. axb5 a5 13. O-O Nd7 14. Nh4 O-O-O 15. f4 f5 16. Ba3 Rhg8 17. Qf3 g5 18. hxg6 Nxg6 19. Nxg6 Rxg6 20. c4 dxc4 21. d5 Qb7 22. dxe6 Rxe6 23. Qh5 Rg8 24. Rf2 Reg6 25. Qh2 Rg3 26. Bb2 c3 27. Ba3 h5 28. Re1 h4 29. e6 Nf6 30. e7 Ne4 31. Rfe2 h3 32. e8=Q+ Rxe8 33. Qxg3 Nxg3 34. Rxe8+ Kc7 35. R8e7+ Kb8 36. Rxb7+ Kxb7 1-0


[Site "https://www.chess.com"]

[Event "Early Titled Tuesday Blitz | February 8 2022"]
[White "Mohammed, Dilshad"]
[Black "Shuvalov, Evgenij"]
[WhiteFideId "5050421"]
[BlackFideId "4187237"]
[WhiteElo "2153"]
[BlackElo "2119"]
[Result "1/2-1/2"]
[Round "07"]
[TimeControl "180+1"]
[Date "2022.02.08"]
[WhiteClock "0:00:08"]
[BlackClock "0:00:05"]

1. Nf3 Nf6 2. c4 g6 3. Nc3 d5 4. cxd5 Nxd5 5. Qa4+ Nc6 6. Qb3 Ndb4 7. d4 Be6 8. Qd1 Nxd4 9. Nxd4 Qxd4 10. Qxd4 Nc2+ 11. Kd1 Nxd4 12. e3 Nc6 13. Bb5 O-O-O+ 14. Ke2 Ne5 15. e4 a6 16. Bf4 axb5 17. Bxe5 f6 18. Bg3 b4 19. Na4 Bc4+ 20. Ke1 Bh6 21. f4 e5 22. Rc1 Bb5 23. Nb6+ Kb8 24. Nd5 c6 25. Nxf6 exf4 26. Bf2 f3 27. Rc2 Bd3 28. Bg3+ Ka8 29. Rc5 fxg2 30. Rg1 Ka7 31. Rxg2 Kb6 32. Bf2 Kc7 33. Rg3 Bf4 34. Nd5+ Rxd5 35. exd5 Bxg3 36. Bxg3+ Kb6 37. Bf2 Re8+ 38. Kd1 Kc7 39. Bg3+ Kd7 40. d6 Re2 41. Ra5 Rxb2 42. Ra7 Ba6 43. Ra8 Rxa2 44. Rh8 Ra1+ 45. Kd2 Rf1 46. Rxh7+ Ke6 47. Re7+ Kf6 48. Re3 Rf5 49. Kc2 Rd5 50. Rf3+ Ke6 51. Re3+ Kf5 52. Re7 c5 53. d7 Bb5 54. Rf7+ Kg4 55. Rg7 Rxd7 56. Rxg6+ Kf3 57. Rf6+ Kg2 58. Rf2+ Kh3 59. Rf5 Ba4+ 60. Kb2 b6 61. Rh5+ Kg4 62. Rh8 Rd2+ 63. Kc1 Rc2+ 64. Kb1 b3 65. Rh4+ Kf3 66. Rxa4 c4 67. Be5 Re2 68. Bc3 b5 69. Ra8 Rc2 70. Bd4 Ke4 71. Rd8 Kd3 72. Bb2+ Ke4 73. Rd4+ Ke3 74. Rd8 b4 75. Re8+ Kf3 76. Rf8+ Kg2 77. Rf4 c3 78. Rxb4 Rxb2+ 79. Kc1 Kxh2 80. Rc4 Rc2+ 81. Kb1 Kg3 82. Rb4 Rb2+ 83. Kc1 Kf3 84. Rb8 Ke3 85. Re8+ Kd3 86. Rd8+ Kc4 87. Rc8+ Kd4 88. Rd8+ Ke5 89. Re8+ Kd6 90. Rc8 Rc2+ 91. Kb1 Kd7 92. Rc4 Kd6 93. Rb4 Rb2+ 94. Kc1 Rh2 95. Rxb3 Rh3 96. Kc2 Kd5 97. Rxc3 Rxc3+ 98. Kxc3 1/2-1/2


[Site "https://www.chess.com"]

[Event "Early Titled Tuesday Blitz | February 8 2022"]
[White "Moroni, Luca Jr"]
[Black "Iskusnyh, Sergei"]
[WhiteFideId "865834"]
[BlackFideId "4120027"]
[WhiteElo "2573"]
[BlackElo "2492"]
[Result "1-0"]
[Round "07"]
[TimeControl "180+1"]
[Date "2022.02.08"]
[WhiteClock "0:00:42"]
[BlackClock "0:00:12"]

1. d4 d5 2. c4 c6 3. Nc3 Nf6 4. cxd5 cxd5 5. Bf4 Nc6 6. e3 a6 7. Bd3 Bg4 8. Nge2 e6 9. O-O Bd6 10. f3 Bh5 11. Rc1 Bg6 12. Na4 Bxd3 13. Qxd3 Bxf4 14. Nxf4 Nd7 15. Nc5 Nxc5 16. Rxc5 O-O 17. Rfc1 Qd6 18. Qb3 Nxd4 19. Qxb7 Rab8 20. Qc7 Qxc7 21. Rxc7 Nf5 22. e4 dxe4 23. fxe4 Nd6 24. e5 Nf5 25. b3 h6 26. Ra7 Rb4 27. g3 Re4 28. Rxa6 Rxe5 29. Rac6 Nd4 30. Rc8 Rxc8 31. Rxc8+ Kh7 32. Rc4 Ne2+ 33. Nxe2 Rxe2 34. a4 Ra2 35. Rc5 f5 36. Re5 Ra3 37. Rb5 g5 38. a5 e5 39. b4 Ra1+ 40. Kg2 Ra2+ 41. Kg1 Ra1+ 42. Kf2 Ra2+ 43. Ke1 Rb2 44. a6 e4 45. a7 Rb1+ 46. Kd2 Rb2+ 47. Kc1 1-0


[Site "https://www.chess.com"]

[Event "Early Titled Tuesday Blitz | February 8 2022"]
[White "Moskvin, Anatoly"]
[Black "Roman, Rodrigo"]
[WhiteFideId "24199990"]
[BlackFideId "3701220"]
[WhiteElo "2079"]
[BlackElo "2001"]
[Result "1-0"]
[Round "07"]
[TimeControl "180+1"]
[Date "2022.02.08"]
[WhiteClock "0:00:11"]
[BlackClock "0:00:38"]

1. e4 e5 2. Nf3 Nc6 3. Bc4 Nf6 4. d3 Be7 5. c3 O-O 6. Bb3 d5 7. Nbd2 Bg4 8. h3 Bh5 9. Qe2 Bg6 10. g4 dxe4 11. dxe4 Bc5 12. Rg1 Qe7 13. h4 h5 14. gxh5 Nxh5 15. Nf1 Kh8 16. Rg5 Qf6 17. Ng3 Nf4 18. Bxf4 Qxf4 19. Nf5 Rad8 20. h5 Bh7 21. Rd1 f6 22. Rg6 Rxd1+ 23. Kxd1 Rd8+ 24. Kc2 Bxg6 25. hxg6 Ne7 26. Nxe5 Nxf5 27. Nf7+ Kg8 28. Nxd8+ Kh8 29. Qh5+ Nh6 30. Nf7+ Kg8 31. Nxh6+ Kf8 32. Qxc5+ Ke8 33. Bf7+ Kd7 34. Qd4+ Kc6 35. Be8# 1-0


[Site "https://www.chess.com"]

[Event "Early Titled Tuesday Blitz | February 8 2022"]
[White "Musovic, Armin"]
[Black "Hartikainen, Jarmo"]
[WhiteFideId "939935"]
[BlackFideId "503134"]
[WhiteElo "2250"]
[BlackElo "2099"]
[Result "1-0"]
[Round "07"]
[TimeControl "180+1"]
[Date "2022.02.08"]
[WhiteClock "0:01:07"]
[BlackClock "0:00:09"]

1. a3 g6 2. Nc3 Bg7 3. e4 d6 4. Bc4 e6 5. d3 Ne7 6. Bg5 c6 7. Ba2 d5 8. Nge2 dxe4 9. Nxe4 f5 10. Nc5 Qd6 11. d4 b6 12. Nd3 Bxd4 13. Nxd4 Qxd4 14. O-O Na6 15. Re1 Nc7 16. c3 Qg7 17. Ne5 O-O 18. Qd6 Ned5 19. c4 Nf6 20. Nxc6 Bb7 21. Ne7+ Kh8 22. Qxc7 Rf7 23. Qxb7 Re8 24. Rxe6 1-0


[Site "https://www.chess.com"]

[Event "Early Titled Tuesday Blitz | February 8 2022"]
[White "Namitbir Singh Walia"]
[Black "Vusatiuk, Vladimir"]
[WhiteFideId "35071068"]
[BlackFideId "14118610"]
[WhiteElo "1479"]
[BlackElo "2157"]
[Result "0-1"]
[Round "07"]
[TimeControl "180+1"]
[Date "2022.02.08"]
[WhiteClock "0:00:02"]
[BlackClock "0:00:02"]

1. d4 Nf6 2. c4 b5 3. cxb5 a6 4. bxa6 Bxa6 5. Nf3 e6 6. Nc3 c5 7. g3 cxd4 8. Nxd4 Bb7 9. Nf3 Bb4 10. Bg2 Ne4 11. Qb3 Na6 12. O-O Bxc3 13. bxc3 Nac5 14. Qc2 O-O 15. Be3 Ra3 16. Bd4 d6 17. Qb2 Qa5 18. Rfc1 e5 19. Bxc5 Nxc5 20. Qb4 Qa7 21. Qh4 h6 22. g4 Nb3 23. g5 Nxa1 24. gxh6 f6 25. hxg7 Kxg7 26. Qg4+ Kh8 27. Rxa1 Bxf3 28. Qxf3 Rg8 29. Rd1 Qg7 30. Kh1 Rxa2 31. h4 Rxe2 32. Rg1 Rc2 33. Qd5 Rc1 0-1


[Site "https://www.chess.com"]

[Event "Early Titled Tuesday Blitz | February 8 2022"]
[White "Navalgund, Niranjan"]
[Black "Shukhman, Anna"]
[WhiteFideId "5030854"]
[BlackFideId "54180058"]
[WhiteElo "2290"]
[BlackElo "1628"]
[Result "1-0"]
[Round "07"]
[TimeControl "180+1"]
[Date "2022.02.08"]
[WhiteClock "0:00:21"]
[BlackClock "0:00:01"]

1. e4 c5 2. d4 cxd4 3. c3 dxc3 4. Bc4 Nc6 5. Nf3 e6 6. O-O d6 7. Nxc3 Be7 8. Bf4 e5 9. Be3 Nf6 10. b4 O-O 11. Qb3 h6 12. Nh4 a5 13. Ng6 axb4 14. Nxf8 bxc3 15. Ng6 d5 16. Nxe7+ Qxe7 17. Bxd5 Nd4 18. Qc4 b5 19. Qd3 Nxd5 20. exd5 Bf5 21. Qd1 Nc2 22. d6 Qd7 23. Qf3 e4 24. Qg3 Nxa1 25. Bxh6 f6 26. Rxa1 b4 27. Bf4 b3 28. Qxc3 bxa2 29. h4 Rc8 30. Qg3 Be6 31. h5 Bg4 32. h6 g5 33. Be3 Rb8 34. Rxa2 Rb1+ 35. Kh2 Be6 36. Bxg5 fxg5 37. Qxg5+ Kh7 38. Ra8 Rb7 39. Qe5 1-0


[Site "https://www.chess.com"]

[Event "Early Titled Tuesday Blitz | February 8 2022"]
[White "Nepomniachtchi, Ian"]
[Black "Gelman, Alexander"]
[WhiteFideId "4168119"]
[BlackFideId "4118316"]
[WhiteElo "2740"]
[BlackElo "2375"]
[Result "1-0"]
[Round "07"]
[TimeControl "180+1"]
[Date "2022.02.08"]
[WhiteClock "0:00:30"]
[BlackClock "0:00:02"]

1. e4 c5 2. Nf3 e6 3. d4 cxd4 4. Nxd4 a6 5. Nc3 d6 6. Qf3 Nf6 7. Bg5 Nbd7 8. O-O-O Qc7 9. a3 Be7 10. Qg3 b5 11. Bxb5 axb5 12. Ndxb5 Qc5 13. Be3 Qc4 14. Rd4 Qc6 15. Nxd6+ Kf8 16. Rhd1 h5 17. Rc4 Qa6 18. h4 Bxd6 19. Qxd6+ Qxd6 20. Rxd6 Ke7 21. Rd2 Ba6 22. Rc7 Rhc8 23. Rxc8 Rxc8 24. f3 Ne5 25. Rd4 Nc4 26. Bg5 Ke8 27. a4 Nd7 28. b3 Nce5 29. Kb2 f6 30. Be3 Bf1 31. Rd2 Rb8 32. Ka3 Nb6 33. Bxb6 Rxb6 34. f4 Ng4 35. g3 Rc6 36. Na2 Ne3 37. Nb4 Rc8 38. Kb2 Ke7 39. c3 g5 40. hxg5 fxg5 41. fxg5 Rg8 42. Nc6+ Kf7 43. Rf2+ Ke8 44. Rf3 Nd1+ 45. Kc2 Be2 46. Rf6 Rxg5 47. Nd4 Bg4 48. Kd2 Ke7 49. Rh6 Re5 50. a5 Rxa5 51. Nc6+ Kd6 52. Nxa5 Nf2 53. Ke3 Nd1+ 54. Kd4 1-0


[Site "https://www.chess.com"]

[Event "Early Titled Tuesday Blitz | February 8 2022"]
[White "Niemann, Hans Moke"]
[Black "Lashkin, Jegor"]
[WhiteFideId "2093596"]
[BlackFideId "13907808"]
[WhiteElo "2636"]
[BlackElo "2344"]
[Result "1-0"]
[Round "07"]
[TimeControl "180+1"]
[Date "2022.02.08"]
[WhiteClock "0:01:52"]
[BlackClock "0:00:15"]

1. d4 Nf6 2. Nc3 d5 3. Bf4 e6 4. Nb5 Na6 5. e3 Be7 6. Nf3 O-O 7. c4 c6 8. Nc3 Nc7 9. Rc1 h6 10. h3 dxc4 11. Bxc4 Ncd5 12. Bh2 b6 13. O-O Bb7 14. Qe2 c5 15. Rfd1 cxd4 16. Nxd4 Rc8 17. Ncb5 a6 18. Na7 Ra8 19. Nac6 Qe8 20. e4 Nb4 21. Nxe7+ Qxe7 22. a3 Nc6 23. Nxc6 Bxc6 24. Bd6 Qb7 25. Bxf8 Rxf8 26. Bxa6 Qa8 27. f3 e5 28. Bb5 Bb7 29. Rc7 Qb8 30. Qc2 Bc8 31. Qc6 Be6 32. Qb7 Rd8 33. Qxb8 Rxb8 34. Bc4 Ne8 35. Rc6 Bxc4 36. Rxc4 Kf8 37. Rd7 Nf6 38. Ra7 Ne8 39. Rc6 Kg8 40. b4 b5 41. Rc5 f6 42. Rd5 Kf8 43. Rdd7 Rc8 44. Rf7+ Kg8 45. Rfb7 Kf8 46. Rxb5 Nd6 47. Rc5 Rb8 48. Rcc7 Nb5 49. Rf7+ Ke8 50. Rae7+ Kd8 51. Rxg7 1-0


[Site "https://www.chess.com"]

[Event "Early Titled Tuesday Blitz | February 8 2022"]
[White "Niyazgulova, Marina"]
[Black "Blokhin, Sofia"]
[WhiteFideId "24142573"]
[BlackFideId "4508190"]
[WhiteElo "2075"]
[BlackElo "1762"]
[Result "1-0"]
[Round "07"]
[TimeControl "180+1"]
[Date "2022.02.08"]
[WhiteClock "0:00:29"]
[BlackClock "0:00:03"]

1. d4 f5 2. c4 e6 3. g3 Nf6 4. Bg2 d5 5. Nc3 c6 6. Nf3 Be7 7. Bf4 O-O 8. O-O Ne4 9. Be5 Nd7 10. Nd2 Nxc3 11. bxc3 Nxe5 12. dxe5 f4 13. cxd5 exd5 14. c4 fxg3 15. hxg3 Be6 16. cxd5 cxd5 17. Nb3 Qd7 18. Nd4 Bh3 19. e6 Qd6 20. Bxh3 Bf6 21. Rc1 Qe5 22. Nf3 Qh5 23. Bg2 Rfe8 24. Rc5 Rad8 25. Nd4 Qe5 26. Nb3 b6 27. Rxd5 Rxd5 28. Qxd5 Qxd5 29. Bxd5 1-0


[Site "https://www.chess.com"]

[Event "Early Titled Tuesday Blitz | February 8 2022"]
[White "Odegov, Artem"]
[Black "Zanette, Edgard Vinicius"]
[WhiteFideId "34183644"]
[BlackFideId "2109263"]
[WhiteElo "2277"]
[BlackElo "2182"]
[Result "1/2-1/2"]
[Round "07"]
[TimeControl "180+1"]
[Date "2022.02.08"]
[WhiteClock "0:00:21"]
[BlackClock "0:00:13"]

1. d4 d5 2. c4 c6 3. Nf3 Nf6 4. Nc3 e6 5. Bg5 Nbd7 6. e3 Bb4 7. Qc2 Qa5 8. Nd2 dxc4 9. Bxf6 Nxf6 10. Nxc4 Qc7 11. Be2 O-O 12. O-O b6 13. Bf3 Bb7 14. Rac1 Rac8 15. Ne5 Bd6 16. Nb5 cxb5 17. Qxc7 Rxc7 18. Rxc7 Bxc7 19. Bxb7 Bxe5 20. dxe5 Ng4 21. Bc6 Nxe5 22. Bxb5 g5 23. h3 Rc8 24. f4 gxf4 25. exf4 Ng6 26. f5 exf5 27. Rxf5 Rc2 28. Be8 Rxg2+ 29. Kf1 Rxb2 30. Bxf7+ Kg7 31. Bb3 Rd2 32. Rf7+ Kh6 33. Rxa7 Rh2 34. Bg8 Kg5 35. Bxh7 Nf4 36. Rg7+ Kh6 37. Rb7 Rxa2 38. Bg8 Rb2 39. Bc4 Nxh3 40. Ke1 Nf4 41. Kd1 Kg5 42. Kc1 Rb4 43. Bf1 Kf6 44. Kc2 Nd5 45. Be2 Ke5 46. Bf3 Kd6 47. Bxd5 Kxd5 48. Kc3 Rb5 49. Rh7 Rc5+ 50. Kb4 Rc6 51. Rh5+ Kd6 52. Rh4 Kc7 53. Kb5 Rd6 54. Rh7+ Rd7 55. Rh6 Rd6 56. Rh5 Rd7 57. Rh4 Rd5+ 58. Kb4 Rd6 59. Rh7+ Kc6 60. Rh8 Rd4+ 61. Kc3 Rd6 62. Rh5 b5 63. Kb4 Rd4+ 64. Kc3 Rc4+ 65. Kb3 Kb6 66. Rh8 Rc6 67. Rb8+ Kc5 68. Rh8 Rd6 69. Rh5+ Kb6 70. Kb4 Rd4+ 71. Kc3 Rc4+ 72. Kb3 Rc6 73. Kb4 Rc4+ 74. Kb3 Rc7 75. Kb4 Rc4+ 76. Kb3 1/2-1/2


[Site "https://www.chess.com"]

[Event "Early Titled Tuesday Blitz | February 8 2022"]
[White "Onyshchuk, Volodymyr"]
[Black "Martinez Alcantara, Jose Eduardo"]
[WhiteFideId "14114038"]
[BlackFideId "3805662"]
[WhiteElo "2642"]
[BlackElo "2690"]
[Result "0-1"]
[Round "07"]
[TimeControl "180+1"]
[Date "2022.02.08"]
[WhiteClock "0:00:07"]
[BlackClock "0:00:45"]

1. e4 c5 2. Nf3 d6 3. d4 cxd4 4. Nxd4 Nf6 5. Nc3 a6 6. a4 e5 7. Nf3 Be7 8. Bc4 Be6 9. Qe2 O-O 10. O-O Qc8 11. Ba2 Nc6 12. Rd1 h6 13. Be3 Bxa2 14. Rxa2 Nb4 15. Ra3 Qe6 16. Rb3 a5 17. Bb6 Rfc8 18. Bxa5 Nxc2 19. Qxc2 Rxa5 20. Rxb7 d5 21. Qb3 Bf8 22. exd5 Nxd5 23. Nxd5 Rxd5 24. h3 Rxd1+ 25. Qxd1 e4 26. Nd4 Qd6 27. g3 Rc4 28. Qh5 g6 0-1


[Site "https://www.chess.com"]

[Event "Early Titled Tuesday Blitz | February 8 2022"]
[White "Orlov, Georgi"]
[Black "Kazarian, Anna-Maja"]
[WhiteFideId "2011271"]
[BlackFideId "1033689"]
[WhiteElo "2470"]
[BlackElo "2004"]
[Result "1/2-1/2"]
[Round "07"]
[TimeControl "180+1"]
[Date "2022.02.08"]
[WhiteClock "0:00:05"]
[BlackClock "0:00:03"]

1. e4 e6 2. d4 d5 3. Nd2 Nf6 4. e5 Nfd7 5. Bd3 c5 6. c3 Nc6 7. Ne2 cxd4 8. cxd4 f6 9. exf6 Qxf6 10. Nf3 h6 11. O-O Bd6 12. Nc3 O-O 13. Be3 Rd8 14. a3 Nf8 15. Qd2 Bd7 16. b4 a6 17. b5 axb5 18. Nxb5 Bb8 19. a4 Be8 20. Be2 Bh5 21. Ne1 Bxe2 22. Qxe2 g5 23. Nd3 Ng6 24. g3 Kg7 25. Kg2 Rf8 26. f4 gxf4 27. Nxf4 Nxf4+ 28. Bxf4 Qg6 29. Bxb8 Raxb8 30. Rae1 Rxf1 31. Rxf1 Rf8 32. Rxf8 Kxf8 33. h4 Qf6 34. Qe3 Ke7 35. Qa3+ Kf7 36. Qf3 Qxf3+ 37. Kxf3 Kf6 38. Kf4 e5+ 39. dxe5+ Nxe5 40. Nd6 b6 41. g4 Nd3+ 42. Ke3 Nc5 43. Kd4 Ke6 44. Nf5 Nxa4 45. Nxh6 Nc5 46. Nf5 Nd7 47. Ne3 Nf6 48. g5 Nh5 49. Nxd5 b5 50. Ne3 Nf4 51. Ke4 Nh5 52. Nc2 Kf7 53. Nb4 Kg6 54. Nd5 Ng3+ 55. Kf3 Nf5 56. Kg4 Nd6 57. h5+ Kg7 58. Kf4 Nb7 59. Ke5 Nc5 60. Nf4 b4 61. h6+ Kh7 62. Kd4 Nd7 63. Kc4 Ne5+ 64. Kxb4 Nf3 65. Ne6 Kg6 66. Nf8+ Kf7 67. h7 Kg7 68. g6 Ne5 69. Ne6+ Kh8 70. Nf4 Nxg6 71. Nxg6+ Kxh7 1/2-1/2


[Site "https://www.chess.com"]

[Event "Early Titled Tuesday Blitz | February 8 2022"]
[White "Oro, Luis"]
[Black "Bifulco, Michel"]
[WhiteFideId "104094"]
[BlackFideId "828580"]
[WhiteElo "2268"]
[BlackElo "2165"]
[Result "1-0"]
[Round "07"]
[TimeControl "180+1"]
[Date "2022.02.08"]
[WhiteClock "0:00:37"]
[BlackClock "0:00:04"]

1. e4 e5 2. Nf3 Nc6 3. Bc4 Nf6 4. d3 h6 5. c3 d6 6. a4 g5 7. O-O Bg7 8. b4 O-O 9. Re1 Ne7 10. Be3 Ng6 11. Nfd2 Nf4 12. Na3 c6 13. d4 d5 14. exd5 cxd5 15. Bb3 Nd3 16. dxe5 Nxe5 17. Bd4 Nd3 18. Re3 Bf5 19. Bc2 Nb2 20. Qb1 Bxc2 21. Qxc2 Nc4 22. Naxc4 dxc4 23. Nxc4 Ng4 24. Rd3 Qc8 25. Nd6 Qe6 26. Bxg7 Kxg7 27. h3 Ne5 28. Rd4 f5 29. Rad1 g4 30. h4 f4 31. Qe4 Rad8 32. Qxb7+ Rd7 33. Qe4 Kh8 34. Nb5 Rxd4 35. cxd4 Rf5 36. dxe5 f3 37. Nd4 Rxe5 38. Qa8+ Qe8 39. Qxe8+ Rxe8 40. gxf3 gxf3 41. Nxf3 Re4 42. Rd4 Re2 43. Kf1 Ra2 44. b5 Ra3 45. Kg2 Rb3 46. Rd8+ Kg7 47. Rd7+ Kg6 48. Rxa7 Kf5 49. Nd4+ 1-0


[Site "https://www.chess.com"]